 Dungeon Crawl Stone Soup version 0.29-a0-723-gce39da1c22 (webtiles) character file.

Game seed: 1153822997991800979

80 ytrimaz the Trooper (level 4, 37/37 HPs)
             Began as a Demonspawn Fighter on June 28, 2022.
             Quit the game on level 2 of the Dungeon.
             The game lasted 00:02:38 (1849 turns).

ytrimaz the Trooper (Demonspawn Fighter)            Turns: 1849, Time: 00:02:39

Health: 37/37      AC:  7    Str: 18    XL:     4   Next: 18%
Magic:  4/4        EV:  9    Int: 10    God:
Gold:   96         SH:  4    Dex: 12    Spells: 3/3 levels left

rFire   . . .      SeeInvis .   a - +1 rapier
rCold   . . .      Faith    .   (no shield)
rNeg    . . .      Spirit   .   b - +1 scale mail
rPois   .          Reflect  .   (no helmet)
rElec   .          Harm     .   (no cloak)
rCorr   .          Rampage  .   (no gloves)
Will    .....                   (no boots)
Stlth   ..........              (no amulet)
HPRegen 0.12/turn               (no ring)
MPRegen 0.09/turn               (no ring)

@: no status effects
A: condensation shield, demonic touch 1
a: no special abilities


You were on level 2 of the Dungeon.
You visited 1 branch of the dungeon, and saw 2 of its levels.

You collected 96 gold pieces.

Inventory:

Hand Weapons
 a - a +1 rapier (weapon)
Armour
 b - a +1 scale mail (worn)
 c - a +0 buckler
Scrolls
 g - a scroll of noise
Potions
 d - a potion of flight {unknown}
 e - a potion of mutation {unknown}
 f - a potion of berserk rage
 h - a potion of ambrosia {unknown}
 i - a potion of cancellation {unknown}
 j - 2 potions of attraction
 l - 2 potions of might


   Skills:
 + Level 4.0 Fighting
 - Level 1.7 Short Blades
 - Level 2.6 Armour
 * Level 3.9 Shields


You had 3 spell levels left.
You didn't know any spells.
Your spell library was empty.

Dungeon Overview and Level Annotations

Branches:
Dungeon (2/15)

Altars:


Innate Abilities, Weirdness & Mutations

A meltable shield of frost defends you. (SH +4)
Your touch may inflict minor irresistible damage on your foes.


Message History

You feel clever.
Found a stone staircase leading up.
An adder comes into view.
An adder is nearby!
An adder is nearby!
You miss the adder.
You touch the adder!
The adder is severely wounded.
The adder closely misses you.
You barely miss the adder.
The adder is severely wounded.
The adder barely misses you. You block the adder's attack.
You barely miss the adder.
The adder is severely wounded.
The adder bites you but does no damage.
You hit the adder.
You kill the adder!
Your Fighting skill increases to level 4!
You see here an adder corpse.
A frilled lizard comes into view.
The frilled lizard hisses angrily.
A hobgoblin comes into view.
There are monsters nearby!
There are monsters nearby!
The hobgoblin shouts!
A giant cockroach comes into view.
You see here a +0 ring mail.
You closely miss the frilled lizard.
You touch the frilled lizard.
You kill the frilled lizard!
You hit the hobgoblin but do no damage.
You touch the hobgoblin.
You kill the hobgoblin!
The giant cockroach barely misses you.
You see here a hobgoblin corpse.
You hit the giant cockroach. Your touch misses the giant cockroach.
The giant cockroach is heavily wounded.
The giant cockroach bites you but does no damage.
You hit the giant cockroach but do no damage.
You touch the giant cockroach.
You kill the giant cockroach!
No target in view!
Are you sure you want to abandon this character and quit the game? (Confirm with "yes".)

..............#
#...............#
...##.........#
#...............+
...##.........#
#................
...##.......###
#(...............
............#
#.........###....
............#
###.........# #....
...###....[......###....
..........##.......#....
.......@†.##............
..........##............
..........##............
..........##.......###..
..........##.......# #..
...###...###.......# #..
... #...# #.......# #..
## #...# #.......# #..
#.......# #..


There were no monsters in sight!

Vanquished Creatures
  A gnoll (D:1)
  2 adders (D:2)
  A worm (D:2)
  A dart slug (D:2)
  4 ball pythons
  2 bats (D:2)
  4 endoplasms
  A giant cockroach (D:2)
  4 goblins
  5 hobgoblins
  8 jackals (D:1)
  3 kobolds
  A quokka (D:1)
  5 frilled lizards
42 creatures vanquished.

Notes
Turn   | Place    | Note
-------+----------+-------------------------------------------
     0 | D:1      | ytrimaz the Demonspawn Fighter began the quest for the Orb.
     0 | D:1      | Reached XP level 1. HP: 18/18 MP: 1/1
   327 | D:1      | Gained mutation: A meltable shield of frost defends you.
                  | (SH +4) [demonic ancestry]
   327 | D:1      | Reached XP level 2. HP: 9/24 MP: 2/2
   659 | D:1      | Gained mutation: Your touch may inflict minor irresistible
                  | damage on your foes. [demonic ancestry]
   659 | D:1      | Reached XP level 3. HP: 25/29 MP: 3/3
  1715 | D:2      | Reached XP level 4. HP: 37/37 MP: 4/4
  1733 | D:2      | Reached skill level 4 in Fighting
  1849 | D:2      | Quit the game

Illustrated notes

Levels and vault maps discovered:
D:1:      co_arrival_two_rings, layout_rooms, minmay_misc_feat_ornament
D:2:      layout_basic

Skill      XL: |  1  2  3  4 |
---------------+-------------+-----
Shields        | 3 |  3.9
Fighting       | 4 |  4.0
Short Blades   | |  1.7
Armour         | |  2.6

Action                   |  1- 3 |  4- 6 || total
-------------------------+-------+-------++-------
Melee: Rapier            |   102 |     8 ||   110
       Unarmed           |    10 |       ||    10
       Touch             |     3 |     4 ||     7
  Use: Potion            |     3 |       ||     3
       Scroll            |     5 |       ||     5
Armor: Scale mail        |    66 |     2 ||    68
Dodge: Dodged            |    56 |     3 ||    59
Block: Buckler           |    37 |       ||    37
       Other             |     8 |     1 ||     9

Table legend: (Time is in decaauts)
 A = Elapsed time spent in this place.
 B = Non-inter-level travel time spent in this place.
 C = Inter-level travel time spent in this place.
 D = Time resting spent in this place.
 E = Time spent auto-exploring this place.
 F = Levels seen in this place.
 G = Mean time per level.
                   A        B        C        D        E       F      G
               +--------+--------+--------+--------+--------+-----+--------+
         Total |   1871 |   1854 |     17 |     55 |   1469 |   2 |  935.5 |
       Dungeon |   1871 |   1854 |     17 |     55 |   1469 |   2 |  935.5 |
               +--------+--------+--------+--------+--------+-----+--------+

Top non-repeatable levels by time:
     D:1: 1065 daAuts
     D:2: 805 daAuts
